 Dungeon Crawl Stone Soup version 0.26-a0-466-g989023bd0d (webtiles) character file.

Game seed: 9126167075342185401

58734 Kuinu the Warrior (level 14, -3/144 HPs)
             Began as a Minotaur Berserker on Aug 6, 2020.
             Was a High Priest of Trog.
             Killed from afar by a purple draconian monk (30 damage)
             ... with a bolt of dispelling energy
             ... on level 1 of the Abyss.
             The game lasted 00:51:21 (21360 turns).

Kuinu the Warrior (Minotaur Berserker)             Turns: 21360, Time: 00:51:22

Health: -3/144     AC: 34    Str: 28    XL:     14   Next: 50%
Magic:  13/13      EV:  9    Int:  4    God:    Trog [*****.]
Gold:   1805       SH:  0    Dex: 10    Spells: 13/13 levels left

rFire    . . .     SeeInvis +   X - +6 battleaxe "Basioj" {flame, +Inv rN+}
rCold    + . .     Faith    +   (shield currently unavailable)
rNeg     + + .     Spirit   .   T - +2 plate armour {rC+}
rPois    +         Reflect  .   G - +1 hat "Emmen" {rPois rN+ Str-5 SInv}
rElec    .         Harm     .   S - +2 cloak {MR+}
rCorr    .                      O - +2 pair of gloves
MR       ++++.                  o - +2 pair of boots
Stlth    ..........             q - amulet of faith
HPRegen  1.34/turn              D - +6 ring of strength
MPRegen  0.13/turn              x - +4 ring of protection

@: very slightly contaminated, regenerating
A: retaliatory headbutt, horns 2
a: Berserk, Trog's Hand, Brothers in Arms, Renounce Religion, Evoke Invisibility


You were on level 1 of the Abyss.
You worshipped Trog.
Trog was extremely pleased with you.
You visited 2 branches of the dungeon, and saw 17 of its levels.
You visited the Abyss 1 time.
You also visited: Gauntlet.

You collected 1938 gold pieces.
You spent 133 gold pieces at shops.

Inventory:

Hand Weapons
 a - a +1 battleaxe of venom
 k - a +5 executioner's axe
 p - a +4 battleaxe of freezing
 C - the +8 great sword "Newtbane" {vorpal, rF+ rN+}
   (You found it on level 13 of the Dungeon)

   It inflicts extra damage upon your enemies.
   It protects you from fire.
   It protects you from negative energy.
 E - a +4 great sword
 F - the +5 great sword "Tyifak Beirph" {flame, MR+ Str+2, unknown}
   (Trog gifted it to you on level 15 of the Dungeon)

   It has been specially enchanted to burn those struck by it, causing extra
   injury to most foes and up to half again as much damage against particularly
   susceptible opponents.
   Big, fiery blades are also staple armaments of hydra-hunters.
   It affects your strength (+2).
   It affects your resistance to hostile enchantments.
 N - the +7 morningstar of the Seeker {speed, rC+ Stlth+, unknown}
   (You found it on level 15 of the Dungeon)

   Attacks with this weapon are significantly faster.
   It protects you from cold.
   It makes you more stealthy.
 X - the +6 battleaxe "Basioj" (weapon) {flame, +Inv rN+}
   (Trog gifted it to you on level 2 of the Orcish Mines)

   It has been specially enchanted to burn those struck by it, causing extra
   injury to most foes and up to half again as much damage against particularly
   susceptible opponents.
   Big, fiery blades are also staple armaments of hydra-hunters.
   It protects you from negative energy.
   It lets you turn invisible.
Armour
 o - a +2 pair of boots (worn)
 z - +0 storm dragon scales
 B - a +2 hat
 G - the +1 hat "Emmen" (worn) {rPois rN+ Str-5 SInv}
   (You found it in a Gauntlet)

   It affects your strength (-5).
   It protects you from poison.
   It protects you from negative energy.
   It lets you see invisible.
 O - a +2 pair of gloves (worn)
 S - a +2 cloak of magic resistance (worn)
 T - a +2 plate armour of cold resistance (worn)
Jewellery
 b - an uncursed ring of protection from magic
 h - an uncursed amulet of reflection
 i - an uncursed ring of protection from fire
 q - an amulet of faith (around neck)
 x - a +4 ring of protection (right hand)
 D - a +6 ring of strength (left hand)
 U - an uncursed ring of protection from magic
 Y - a cursed amulet of inaccuracy {unknown}
Wands
 t - a wand of polymorph (6)
 y - a wand of disintegration (22)
 P - a wand of clouds (6)
 Q - a wand of random effects (32)
 V - a wand of paralysis (9)
 W - a wand of flame (29)
Scrolls
 c - 3 scrolls of fear
 g - 5 scrolls of teleportation
 j - 5 scrolls of remove curse
 s - 2 scrolls of identify
 u - 3 scrolls of magic mapping
 w - 4 scrolls of immolation
 I - 3 scrolls of summoning
 K - 3 scrolls of fog
 R - 2 scrolls of enchant weapon
 Z - 3 scrolls of silence
Potions
 d - a potion of invisibility
 f - 7 potions of lignification
 l - 4 potions of curing
 m - 3 potions of stabbing
 n - 2 potions of cancellation
 r - 4 potions of flight
 v - 7 potions of mutation
 A - 2 potions of magic
 J - 2 potions of ambrosia
Miscellaneous
 L - a phial of floods


   Skills:
 * Level 18.4 Fighting
 * Level 18.4 Axes
 + Level 13.6 Armour
 - Level 2.1 Dodging


You had 13 spell levels left.
You didn't know any spells.
Your spell library was empty.

Dungeon Overview and Level Annotations

Branches:
Dungeon (15/15)            Temple (0/1) D:4            Lair (0/6) D:8
    Orc (2/2) D:12            Elf (0/3) Orc:2        Vaults (0/5) D:14
 Depths (0/5) D:15        Gauntlet (visited)

Altars:
Trog
Xom

Shops:
D:7 (   D:9 *   D:13 :   Orc:1 }=*:

Annotations:
D:9 2 transporters, Itzaaziff's ghost, novice HuFi
Orc:2 Sonja


Innate Abilities, Weirdness & Mutations

You reflexively headbutt those who attack you in melee.
You have a pair of horns on your head.


Message History

* * * LOW HITPOINT WARNING * * *
An apocalypse crab comes into view.
You feel the effects of Trog's Hand fading.
The apocalypse crab breathes chaos at you.
The blast of chaos engulfs you but does no damage.
A large abomination comes into view.
You are engulfed in seething chaos.
The tentacled starspawn is engulfed in seething chaos.
You are suddenly pulled into a different region of the Abyss!
Your skin stops crawling.
You feel less resistant to hostile enchantments.
A purple draconian monk is nearby!
The purple draconian monk breathes dispelling energy at you.
The bolt of dispelling energy hits you but does no damage.
Found a chain mail.
Your skin crawls.
You feel resistant to hostile enchantments.
The purple draconian monk breathes dispelling energy at you.
The bolt of dispelling energy hits you!!
You die...

... ..# #.# ..
#.##. ....#
#...# ###.[.#
##.#...# #
##.#...@..#.#
........#...#.#
.#....##.##..#
.....##....#..#
#.#......q...#.
....#.....####
...........
...#.......#
........#.#


You could see a purple draconian monk (catching breath).

Vanquished Creatures
  The ghost of Mesmaeker13 the Arsonist, an adept OpVM of Gozag (D:14)
  Gastronok (D:9)
  A storm dragon (D:13)
  Roxanne (D:15)
  A frost giant (D:14)
  A minotaur (Gauntlet)
  A great orb of eyes (Abyss:1)
  A death knight (D:14)
  3 centaur warriors
  3 two-headed ogres
  2 dancing weapons (D:14)
  A death yak (D:8)
  A vampire mage (D:15)
  A tengu warrior (D:15)
  A hell hog (Abyss:1)
  An orc high priest (Orc:1)
  A wretched star (Gauntlet)
  4 skeletal warriors
  A fire crab (Gauntlet)
  An unseen horror (D:14)
  A golden dragon skeleton (D:15)
  Pikel (D:5)
  A necromancer (D:15)
  2 orc knights
  A deep elf mage (D:14)
  2 orc sorcerers
  A wolf spider (D:14)
  4 ugly things (D:15)
  An oklob plant (Orc:1)
  4 manticores
  A worldbinder (Abyss:1)
  A frost giant zombie (D:15)
  5 cyclopes
  A fire giant skeleton (D:15)
  Psyche (D:8)
  4 gargoyles
  A centaur skeleton (D:14)
  A spriggan zombie (D:15)
  A yaktaur (D:14)
  An efreet (D:13)
  A guardian mummy (D:15)
  3 freezing wraiths
  A tengu conjurer (D:15)
  7 trolls
  5 hornets
  A meliai (D:14)
  9 slime creatures
  A blink frog (shapeshifter) (D:13)
  5 hippogriffs
  A redback (shapeshifter) (Gauntlet)
  2 shadows (D:13)
  A wyvern (D:13)
  A ynoxinul (Abyss:1)
  9 yaks
  6 humans (D:7)
  2 basilisks (D:8)
  6 fire bats (Gauntlet)
  3 neqoxecs (Gauntlet)
  A chaos spawn (Abyss:1)
  9 vampire mosquitoes
  A warg (D:15)
  A small abomination (Abyss:1)
  2 acid dragons
  A soldier ant (shapeshifter) (Gauntlet)
  A soldier ant (D:13)
  2 hell hounds (Gauntlet)
  A water moccasin (D:13)
  17 orc warriors
  4 ice beasts
  5 sky beasts
  A black bear (D:9)
  2 phantoms
  A hornet zombie (D:10)
  An eye of draining (D:14)
  8 ogres
  3 necrophages
  16 centaurs
  2 lemures (D:5)
  3 big kobolds
  A bullfrog (shapeshifter) (Gauntlet)
  3 bullfrogs
  3 wyvern skeletons
  4 scorpions
  4 killer bees (D:9)
  14 wights
  4 howler monkeys
  6 centaur zombies
  2 quasits
  5 jellies
  A gnoll shaman (D:4)
  7 orc priests
  5 hounds
  16 orc wizards
  2 bullfrog skeletons
  3 iguanas
  10 worker ants
  A howler monkey zombie (D:5)
  3 worker ant zombies
  6 adders
  10 gnolls
  A shadow imp (D:6)
  2 white imps
  An ooze (D:2)
  An ufetubus (D:10)
  2 worms
  An adder skeleton (D:9)
  4 dart slugs
  7 leopard geckos
  49 orcs
  12 bats
  5 giant cockroaches
  2 goblins
  3 hobgoblins (D:3)
  9 jackals
  18 kobolds
  5 quokkas
  A ball python (D:2)
  6 frilled lizards
  A jackal zombie (D:9)
  4 rats
  A withered plant (D:15)
454 creatures vanquished.

Vanquished Creatures (collateral kills)
  A hydra (D:14)
  A manticore (D:12)
  A shadow (D:12)
3 creatures vanquished.

Vanquished Creatures (others)
  A fungus (Gauntlet)
  6 starspawn tentacles (Abyss:1)
7 creatures vanquished.

Grand Total: 464 creatures vanquished

Notes
Turn   | Place    | Note
-------+----------+-------------------------------------------
     0 | D:1      | Kuinu the Minotaur Berserker began the quest for the Orb.
     0 | D:1      | Reached XP level 1. HP: 19/19 MP: 0/0
   290 | D:1      | Reached XP level 2. HP: 26/27 MP: 1/1
  1091 | D:2      | Reached XP level 3. HP: 26/33 MP: 2/2
  1791 | D:3      | Found a bloodstained altar of Trog.
  1847 | D:3      | Reached ** piety under Trog
  1882 | D:3      | Reached XP level 4. HP: 36/41 MP: 3/3
  2476 | D:3      | Reached skill level 5 in Fighting
  2684 | D:4      | Reached skill level 5 in Axes
  2689 | D:4      | Reached XP level 5. HP: 48/48 MP: 4/4
  2704 | D:4      | Found a staircase to the Ecumenical Temple.
  2758 | D:4      | Noticed an ogre
  2767 | D:4      | Killed an ogre
  2767 | D:4      | Reached XP level 6. HP: 57/57 MP: 5/5
  3149 | D:4      | Reached XP level 7. HP: 25/64 MP: 6/6
  3742 | D:5      | Entered Level 5 of the Dungeon
  4045 | D:5      | Reached skill level 5 in Armour
  4397 | D:5      | Noticed Pikel
  4409 | D:5      | Killed Pikel
  4409 | D:5      | Reached XP level 8. HP: 75/75 MP: 7/7
  5026 | D:6      | Reached *** piety under Trog
  5800 | D:7      | Found Imioso's Weapon Boutique.
  6088 | D:7      | Noticed a hippogriff
  6101 | D:7      | Killed a hippogriff
  6101 | D:7      | Reached XP level 9. HP: 42/85 MP: 8/8
  6297 | D:7      | Found a shimmering altar of Xom.
  6351 | D:7      | Reached skill level 10 in Fighting
  6351 | D:7      | Reached skill level 10 in Axes
  7014 | D:8      | Noticed Psyche
  7021 | D:8      | Killed Psyche
  7022 | D:8      | Noticed a death yak
  7559 | D:8      | Found a staircase to the Lair.
  7568 | D:8      | Killed a death yak
  7568 | D:8      | Reached XP level 10. HP: 96/96 MP: 9/9
  8386 | D:9      | Noticed Gastronok
  8431 | D:9      | Killed Gastronok
  8696 | D:9      | Found a transporter.
  8698 | D:9      | Noticed Itzaaziff's ghost (novice HuFi)
  8706 | D:9      | Found a transporter.
  8895 | D:9      | Reached **** piety under Trog
  9497 | D:9      | Found Eriv Seny's General Store.
  9514 | D:9      | Bought a scroll of summoning for 133 gold pieces
  9705 | D:10     | Entered Level 10 of the Dungeon
  9799 | D:10     | Reached XP level 11. HP: 106/106 MP: 10/10
 10052 | D:10     | Noticed a two-headed ogre
 10060 | D:10     | Killed a two-headed ogre
 10586 | D:10     | Noticed a two-headed ogre
 10598 | D:10     | Killed a two-headed ogre
 11861 | D:11     | Reached skill level 10 in Armour
 12214 | D:12     | Found a gate leading to a gauntlet.
 12221 | Gauntlet | Entered a Gauntlet
 12221 | Gauntlet | Found a transporter.
 12232 | Gauntlet | Found a transporter.
 12232 | Gauntlet | Found a transporter.
 12233 | Gauntlet | Found a transporter.
 12241 | Gauntlet | Found a transporter.
 12244 | Gauntlet | Found a transporter.
 12245 | Gauntlet | Found a transporter.
 12253 | Gauntlet | Found a transporter.
 12256 | Gauntlet | Found a transporter.
 12257 | Gauntlet | Found a transporter.
 12258 | Gauntlet | Noticed a shining eye
 12258 | Gauntlet | a faun changed into a shining eye
 12259 | Gauntlet | Noticed a glowing orange brain
 12259 | Gauntlet | a shining eye changed into a glowing orange brain
 12260 | Gauntlet | a glowing orange brain changed into a moth of wrath
 12263 | Gauntlet | Found a runed translucent door.
 12263 | Gauntlet | Found a runed translucent door.
 12274 | Gauntlet | Noticed a wretched star
 12275 | Gauntlet | Found a transporter.
 12278 | Gauntlet | Found a transporter.
 12279 | Gauntlet | Found a transporter.
 12281 | Gauntlet | Noticed a fire crab
 12287 | Gauntlet | Found a transporter.
 12329 | Gauntlet | Noticed a glowing orange brain
 12330 | Gauntlet | a glowing orange brain changed into a faun
 12331 | Gauntlet | Noticed a sea snake
 12331 | Gauntlet | a faun changed into a sea snake
 12334 | Gauntlet | Noticed a shock serpent
 12334 | Gauntlet | a sea snake changed into a shock serpent
 12336 | Gauntlet | a shock serpent changed into a redback
 12339 | Gauntlet | Noticed a swamp dragon
 12339 | Gauntlet | a redback changed into a swamp dragon
 12421 | Gauntlet | Noticed a mana viper
 12421 | Gauntlet | a cyclops changed into a mana viper
 12426 | Gauntlet | a mana viper changed into a water nymph
 12436 | Gauntlet | Noticed a sea snake
 12436 | Gauntlet | a torpor snail changed into a sea snake
 12504 | Gauntlet | Noticed a harpy
 12510 | Gauntlet | a harpy changed into a komodo dragon
 12602 | Gauntlet | Noticed a mana viper
 12602 | Gauntlet | a redback changed into a mana viper
 12603 | Gauntlet | a mana viper changed into a torpor snail
 12606 | Gauntlet | Noticed a death drake
 12606 | Gauntlet | an eye of devastation changed into a death drake
 12619 | Gauntlet | a death drake changed into a manticore
 12836 | Gauntlet | Killed a wretched star
 12875 | Gauntlet | Killed a fire crab
 12875 | Gauntlet | Reached XP level 12. HP: 118/118 MP: 11/11
 12936 | Gauntlet | Noticed a minotaur
 12954 | Gauntlet | Killed a minotaur
 12966 | Gauntlet | Got a fine hat
 12989 | Gauntlet | Identified the +1 hat "Emmen" {rPois rN+ Str-5 SInv} (You
                  | found it in a Gauntlet)
 13114 | D:12     | Reached skill level 15 in Fighting
 13116 | D:12     | Reached skill level 15 in Axes
 13311 | D:12     | Found a staircase to the Orcish Mines.
 13698 | D:12     | Reached ***** piety under Trog
 13941 | D:12     | Noticed an eight-headed hydra
 14739 | D:13     | Found Sinwipra's Book Emporium.
 14973 | D:13     | Got an iridescent great sword
 14988 | D:13     | Identified the +8 great sword "Newtbane" {vorpal, rF+ rN+}
                  | (You found it on level 13 of the Dungeon)
 15231 | D:13     | Noticed a two-headed ogre
 15239 | D:13     | Killed a two-headed ogre
 16220 | D:13     | Reached XP level 13. HP: 128/128 MP: 12/12
 16905 | D:14     | Received a gift from Trog
 17066 | D:14     | Found a runed translucent gate.
 17066 | D:14     | Found a runed translucent gate.
 17066 | D:14     | Found a runed translucent gate.
 17066 | D:14     | Noticed a storm dragon
 17067 | D:14     | Noticed Mesmaeker13's ghost (adept OpVM)
 17067 | D:14     | Noticed a frost giant
 17183 | D:14     | Found a gate to the Vaults.
 17747 | D:14     | Killed a frost giant
 17767 | D:13     | HP: 2/132 [storm dragon/bolt of lightning (16)]
 18024 | D:14     | Killed Mesmaeker13's ghost
 18340 | D:15     | Entered Level 15 of the Dungeon
 18361 | D:15     | Got an ancient morningstar
 18803 | D:15     | Found a staircase to the Depths.
 18817 | D:15     | Reached XP level 14. HP: 141/141 MP: 13/13
 18823 | D:15     | Received a gift from Trog
 18829 | D:15     | Got a smoking great sword {god gift}
 19346 | D:15     | Noticed Roxanne
 19360 | D:15     | Killed Roxanne
 19644 | D:13     | Killed a storm dragon
 19864 | Orc:1    | Entered Level 1 of the Orcish Mines
 19880 | Orc:1    | Found Neneluo's Book Emporium.
 19974 | Orc:1    | Found Miackekk's General Store.
 20243 | Orc:1    | Found Xinien Umac's Jewellery Boutique.
 20277 | Orc:1    | Found Laogug's Gadget Shop.
 20890 | Orc:2    | Entered Level 2 of the Orcish Mines
 20919 | Orc:2    | Received a gift from Trog
 20936 | Orc:2    | Got an ancient battleaxe {god gift}
 20937 | Orc:2    | Identified the +6 battleaxe "Basioj" {flame, +Inv rN+}
                  | (Trog gifted it to you on level 2 of the Orcish Mines)
 20956 | Orc:2    | Found a staircase to the Elven Halls.
 21057 | Orc:2    | Noticed Sonja
 21061 | Orc:2    | Cast into level 1 of the Abyss (Sonja)
 21138 | Abyss:1  | Found a corrupted altar of Lugonu.
 21149 | Abyss:1  | Noticed a Hell Sentinel
 21155 | Abyss:1  | Found a burning altar of Makhleb.
 21217 | Abyss:1  | Noticed a tentacled starspawn
 21255 | Abyss:1  | Noticed a purple draconian monk
 21317 | Abyss:1  | Noticed a tentacled starspawn
 21324 | Abyss:1  | HP: 4/144 [sixfirhy (11)]
 21360 | Abyss:1  | Killed from afar by a purple draconian monk

Illustrated notes

Levels and vault maps discovered:
D:1:      psy_arrival_wood_between_worlds, layout_loops_corners
D:2:      layout_basic
D:3:      layout_loops_corners, trog_book
D:4:      layout_cave_pods, minmay_temple_entry_antechambers
D:5:      layout_gridville, uniq_pikel
D:6:      layout_basic, roderic_roman_lattice
D:7:      layout_basic, nicolae_overflow_hidden_temple, serial_shops, shop,
          amethyst_killhole, minmay_ruffians
D:8:      layout_basic, david_lair_generic, fungi_pond_lemuel, uniq_psyche
D:9:      layout_stronghold, serial_shops, nicolae_shop_waterfront,
          gammafunk_ghost_stat_death, uniq_gastronok
D:10:     layout_basic, serial_park_tiny_2
D:11:     layout_basic
D:12:     layout_gridville, orc_0_dummy, gauntlet_entry_generic,
          chequers_serial_rivers_marsh
D:13:     layout_loops_cross, serial_shops, kennysheep_mini_moat,
          minmay_sticks_and_stones
D:14:     layout_basic, erik_vaults_1, gammafunk_ghost_split
D:15:     gammafunk_depths_entry_grave, layout_rooms, uniq_roxanne
Orc:1:    layout_caves, serial_shops, nicolae_shop_behind_doors,
          nicolae_shop_crystal, shop, shop, shop, mines3_lemuel
Orc:2:    st_orc_congregation, layout_caves, gammafunk_ghost_cemetery,
          mines2_david, uniq_sonja
Abyss:1:  base: Orc:1, abyss_exit_lava

Skill      XL: |  1  2  3  4  5  6  7  8  9 10 11 12 13 14 |
---------------+-------------------------------------------+-----
Fighting       | 4 5 6 8 9 11 12 14 16 17 18 | 18.4
Axes           | 4 5 6 8 9 11 12 14 16 17 18 | 18.4
Armour         | 3 4 5 6 8 9 10 11 13 | 13.6
Dodging        | |  2.1

Action                   |  1- 3 |  4- 6 |  7- 9 | 10-12 | 13-15 || total
-------------------------+-------+-------+-------+-------+-------++-------
Melee: Hand axe          |    61 |    78 |   269 |   260 |       ||   668
       Headbutt          |     8 |    20 |    56 |   138 |    88 ||   310
       Battleaxe         |       |       |       |   327 |   357 ||   684
Invok: Berserk           |       |     3 |     5 |    12 |     9 ||    29
       Trog's Hand       |       |       |     1 |     5 |     6 ||    12
       Brothers in Arms  |       |       |       |     2 |     1 ||     3
 Abil: Evoke Invisibilit |       |       |       |       |     1 ||     1
  Use: Scroll            |     3 |       |    19 |    13 |     9 ||    44
       Potion            |       |       |       |    11 |     5 ||    16
 Stab: Invisible         |       |       |     1 |       |       ||     1
       Distracted        |       |       |       |     1 |       ||     1
Armor: Ring mail         |    13 |    17 |    16 |       |       ||    46
       Animal skin       |     2 |       |       |       |       ||     2
       Chain mail        |       |       |    79 |   150 |       ||   229
       Plate armour      |       |       |       |   254 |   205 ||   459
       Storm dragon scal |       |       |       |       |    24 ||    24
Dodge: Dodged            |    28 |    30 |    72 |   229 |   119 ||   478
Block: Other             |    12 |    18 |    42 |   126 |       ||   198
       Reflection        |     1 |       |       |     4 |       ||     5

Table legend: (Time is in decaauts)
 A = Elapsed time spent in this place.
 B = Non-inter-level travel time spent in this place.
 C = Inter-level travel time spent in this place.
 D = Time resting spent in this place.
 E = Time spent auto-exploring this place.
 F = Levels seen in this place.
 G = Mean time per level.
                   A        B        C        D        E       F      G
               +--------+--------+--------+--------+--------+-----+--------+
         Total |  21392 |  20518 |    874 |      0 |  16820 |  19 | 1125.9 |
       Dungeon |  19119 |  18253 |    866 |      0 |  15581 |  15 | 1274.6 |
  Orcish Mines |   1209 |   1201 |      8 |      0 |   1004 |   2 |  604.5 |
         Abyss |    292 |    292 |      0 |      0 |     70 |   1 |  292.0 |
      Gauntlet |    770 |    770 |      0 |      0 |    165 |   1 |  770.0 |
               +--------+--------+--------+--------+--------+-----+--------+

Top non-repeatable levels by time:
    D:13: 2238 daAuts
    D:12: 1969 daAuts
    D:10: 1664 daAuts
    D:14: 1627 daAuts
     D:7: 1429 daAuts
     D:8: 1360 daAuts
     D:9: 1324 daAuts
    D:15: 1281 daAuts
     D:4: 1093 daAuts
     D:1: 1055 daAuts
   Orc:1: 1033 daAuts
     D:5: 1009 daAuts
     D:3: 993 daAuts
     D:6: 830 daAuts
Gauntlet: 770 daAuts
